 Dungeon Crawl Stone Soup version 0.21.1-1-g345015fe64 (webtiles) character file.

59 Lorindel the Magician (level 3, 0/19 HPs)
             Began as a Deep Elf Wizard on Apr 27, 2018.
             Killed by nerve-wracking pain
             ... invoked by Jessica
              (9 damage)
             ... on level 3 of the Dungeon.
             The game lasted 00:09:31 (1751 turns).

Lorindel the Magician (Deep Elf Wizard)             Turns: 1751, Time: 00:09:32

Health: 0/19       AC:  3    Str:  4    XL:     3   Next: 78%
Magic:  1/12       EV: 13    Int: 23    God:
Gold:   126        SH:  0    Dex: 13    Spells: 1/14 levels left

rFire    . . .     SeeInvis .   (no weapon)
rCold    . . .     Gourm    .   (no shield)
rNeg     . . .     Faith    .   a - +0 robe
rPois    .         Spirit   .   j - +0 helmet
rElec    .         Reflect  .   (no cloak)
rCorr    .         Harm     .   (no gloves)
MR       .....                  (no boots)
Stlth    ++........             (no amulet)
HPRegen  0.06/turn              (no ring)
MPRegen  0.13/turn              (no ring)

@: lethally poisoned (0 -> -8)
A: no striking features
a: no special abilities


You were on level 3 of the Dungeon.
You were not hungry.

You visited 1 branch of the dungeon, and saw 3 of its levels.

You collected 126 gold pieces.

Inventory:

Armour
 a - a +0 robe (worn)
 j - a +0 helmet (worn)
Scrolls
 e - a scroll of immolation {unknown}
 g - 3 scrolls of identify {unknown}
 i - a scroll of amnesia {unknown}
Potions
 f - a potion of cancellation {unknown}
 h - a potion of heal wounds {unknown}
 k - a potion of degeneration {unknown}
Books
 c - a book of Minor Magic

   Spells                             Type                      Level
   a - Magic Dart                     Conjuration                  1
   b - Blink                          Translocation                2
   c - Call Imp                       Summoning                    2
   d - Slow                           Hexes                        2
   e - Conjure Flame                  Conjuration/Fire             3
   f - Mephitic Cloud                 Conjuration/Poison/Air       3
Comestibles
 b - 5 chunks of flesh
 d - 4 rations


   Skills:
 + Level 0.1 Fighting
 + Level 2.4 Dodging
 + Level 2.4 Stealth
 * Level 6.0 Spellcasting
 + Level 1.1 Conjurations
 + Level 0.3 Hexes
 + Level 1.2 Summonings
 * Level 1.6 Translocations
 + Level 0.0 Fire Magic
 + Level 0.4 Air Magic
 + Level 0.0 Poison Magic


You had one spell level left.
You knew the following spells:

 Your Spells              Type           Power        Failure   Level  Hunger
a - Magic Dart            Conj           ##..         5%          1    None
b - Blink                 Tloc           N/A          6%          2    None
c - Call Imp              Summ           ##......     8%          2    None
d - Slow                  Hex            #.......     11%         2    None
e - Conjure Flame         Conj/Fire      #.......     21%         3    #......
f - Mephitic Cloud        Conj/Pois/Air  #.......     21%         3    #......


Dungeon Overview and Level Annotations

Branches:
Dungeon (3/15)

Altars:

Annotations:
D:3 CInkIbrahim's ghost, amateur OpGl; Jessica


Message History

The orc priest barely misses you. The adder bites you.
You are more poisoned.
The adder poisons you!
Your crimson imp misses the adder.
You barely miss the orc priest.
The orc priest is moderately wounded.
You feel sick. The adder bites you but does no damage.
Your crimson imp completely misses the adder.
You catch the helpless orc priest completely off-guard!
You hit the orc priest but do no damage.
The orc priest is moderately wounded.
You feel sick. The adder closely misses you.
Your crimson imp blinks!
The adder bites you but does no damage.
Your crimson imp hits the adder.
You hit the orc priest.
The orc priest is moderately wounded.
Your crimson imp blinks!
The adder misses you. Jessica casts a spell at you.
Pain shoots through your body!
You die...

.. ###.#
######.@.#
#.@..S)###
##.###### ##..#
#..## #######.##
#....§S@.#
#...55.o.#
#........#
#...÷....#######
#...>...<.......
#÷.5.....#######
#....(...#
#........#
#####....#


You could see an orc priest (confused), an adder, Jessica and 3 friendly crimson
imps.

Vanquished Creatures
  An adder (D:3)
  A dart slug (D:2)
  2 leopard geckos (D:1)
  3 orcs (D:3)
  9 bats
  4 giant cockroaches (D:1)
  6 hobgoblins
  2 jackals (D:2)
  2 quokkas (D:2)
  A ball python (D:2)
  3 goblins
  A kobold (D:1)
  3 rats (D:2)
38 creatures vanquished.

Vanquished Creatures (collateral kills)
  A worm (D:2)
1 creature vanquished.

Grand Total: 39 creatures vanquished

Notes
Turn   | Place    | Note
-------+----------+-------------------------------------------
     0 | D:1      | Lorindel the Deep Elf Wizard began the quest for the Orb.
     0 | D:1      | Reached XP level 1. HP: 10/10 MP: 7/7
     0 | D:1      | Noticed a formicid
     3 | D:1      | Noticed a spriggan
     6 | D:1      | Noticed a minotaur zombie
    10 | D:1      | Noticed a gargoyle
   213 | D:1      | Reached skill level 5 in Spellcasting
   386 | D:1      | Reached XP level 2. HP: 15/15 MP: 3/10
   390 | D:1      | Learned a level 2 spell: Blink
   393 | D:1      | Learned a level 2 spell: Call Imp
   396 | D:1      | Learned a level 2 spell: Slow
   889 | D:2      | Reached XP level 3. HP: 19/19 MP: 0/12
   894 | D:2      | Learned a level 3 spell: Conjure Flame
   898 | D:2      | Learned a level 3 spell: Mephitic Cloud
  1247 | D:2      | Reached skill level 6 in Spellcasting
  1495 | D:3      | Noticed CInkIbrahim's ghost (amateur OpGl)
  1643 | D:3      | Noticed Jessica
  1751 | D:3      | Killed from afar by Jessica

Skill      XL: |  1  2  3 |
---------------+----------+-----
Spellcasting   | 5 6 |  6.0
Fighting       | |  0.1
Dodging        | |  2.4
Stealth        | |  2.4
Conjurations   | |  1.1
Hexes          | |  0.3
Summonings     | |  1.2
Translocations | |  1.6
Air Magic      | |  0.4

Action                   || total
-------------------------++-------
Melee: Unarmed           ||     4
 Cast: Magic Dart        ||   102
       Call Imp          ||     8
       Mephitic Cloud    ||     2
       Blink             ||     2
       Conjure Flame     ||     1
       Slow              ||     1
 Stab: Confused          ||     1
  Eat: Chunk             ||     2
Armor: Robe              ||    11
Dodge: Dodged            ||    19
